Description

There are a few fixed openings in TvT. Players simply toy around with what they have and get Raven and Cyclone. This build does not diverge much from this paradigm, but it hits a little timing to disrupt opponent's mining.

VOD

https://youtu.be/cd_ZMDTxzwA?t=1278

Replay - Bunny v uThermal: Game 2 - Cyber Forest LE

Build Order

Get SALT Encoding   

  12  0:01  SCV  
  13  0:13  SCV  
  14  0:17  Supply Depot  
  14  0:25  SCV  
  14  0:28  Refinery  
  15  0:38  SCV  
  16  0:45  Barracks  
  16  0:50  SCV  
  16  0:55  Refinery  
  17  1:02  SCV  
  18  1:14  SCV  
  19  1:32  Orbital Command, Reaper  
  20  1:36  Factory  
  20  1:44  Supply Depot  
  20  1:57  SCV  
  21  2:04  Reaper  
  22  2:09  SCV  
  23  2:20  Hellion  
  25  2:28  Command Center  
  25  2:33  SCV  
  25  2:36  Barracks Reactor  
  26  2:41  Hellion  
  28  2:48  Starport  
  30  3:01  Supply Depot  
  30  3:03  Factory Tech Lab  
  31  3:23  Siege Tank, Marine x2  
  31  3:25  Medivac  
  39  3:40  Orbital Command, Marine x2  
  42  3:47  Refinery  
  43  3:58  Marine x2  
  45  4:05  Factory Tech Lab, Raven  
  49  4:11  Supply Depot  
  49  4:16  Marine x2  
  54  4:34  Marine  
  54  4:37  Siege Tank  
  59  4:44  Supply Depot  
  61  4:48  Marine  
  55  5:01  Raven  
  59  5:13  Siege Tank, Command Center  
  65  5:26  Refinery  
  71  5:47  Siege Tank  
  74  5:52  Viking x2  
  74  5:56  Stimpack  
  80  6:04  Engineering Bay x2  
  80  6:21  Viking x2  
  85  6:32  Terran Infantry Armor Level 1, Terran Infantry Weapons Level 1  
  85  6:42  Siege Tank  
  88  6:47  Barracks x2  
  88  6:51  Viking x2, Orbital Command  
  94  7:14  Siege Tank  
  94  7:15  Sensor Tower  
  98  7:27  Viking x2  
  102  7:36  Barracks x2  
  102  7:37  Barracks Reactor x2  
  102  7:47  Siege Tank  
  103  7:55  Missile Turret x3  
  104  8:00  Medivac  
  104  8:01  Missile Turret  
  104  8:02  Combat Shield  
  111  8:20  Armory  
  111  8:30  Barracks Reactor  
  111  8:31  Orbital Command  
  115  8:39  Siege Tank  
  120  8:42  Sensor Tower  
  121  8:54  Barracks Reactor  
  125  9:02  Medivac x2  
  137  9:13  Refinery x2  
  140  9:22  Siege Tank  
  149  9:42  Terran Infantry Weapons Level 2  
  149  9:57  Medivac x2  
Spawning Tool Build Advisor. Get it on Overwolf

Analysis

This build uses a double Refinery Reaper opening. The two Reapers and one Hellion are standard, so the opponent won't suspect any foul play. The next move is to drop a Tank and four Marines outside of opponent's natural. This build is useful on certain maps that allow you to abuse the Siege Tank. You can read more about this build in TerranCraft's March 2019 Metagame Build Orders.

Go to:

Details

Become a Patron
  • Created by: Maxilicious  
  • Published on: Mar 18, 2019
  • Modified on: Mar 20, 2019
  • Patch: 4.7.1
Show
View Real Time Build Order
Export as new Build Order

Comments (2)

On June 2, 2019, 9:38 p.m., apoe217  said:

The build order does not match the video in several places.

On April 26, 2019, 12:02 a.m., fatdio  said:

thanks

Create an account to comment!